 Dungeon Crawl Stone Soup version 0.30-a0-561-g1b0378597e (webtiles) character file.

Game seed: 9147591445249713050

144 M4edhros the Trooper (level 5, 0/55 HPs)
             Began as an Octopode Chaos Knight on Dec 28, 2022.
             Was a Plaything of Xom.
             Frozen to death by an endoplasm (4 damage)
             ... on level 4 of the Dungeon.
             The game lasted 00:05:12 (11899 turns).

M4edhros the Trooper (Octopode Chaos Knight)       Turns: 11899, Time: 00:05:13

Health: 0/55       AC: 22    Str: 15    XL:     5   Next: 26%
Magic:  5/5        EV:  2    Int: 13    God:    Xom [*.....]
Gold:   143        SH:  0    Dex: 13    Spells: 4/4 levels left

rFire   . . .      SeeInvis .    a - +0 mace (chaos)
rCold   . . .      Faith    .    (no shield)
rNeg    . . .      Spirit   .    (helmet currently unavailable)
rPois   +          Reflect  .    (no amulet)
rElec   .          Harm     .    c - +4 ring of evasion
rCorr   .          Rampage  .    (no ring)
Will    .....      Clarity  +    (no ring)
Stlth   +          NoTele   +    (no ring)
HPRegen 0.29/turn                (no ring)
MPRegen 0.09/turn                (no ring)
                                 (no ring)
                                 (no ring)

@: tree-form (expiring)
A: stationary, stasis, torment immunity, boosted hp, almost no armour,
(amphibious), 8 rings, (camouflage 1), (gelatinous body 1), (nimble swimmer 1),
(tentacles), (tentacle spike 2), clarity, strong 1, wild magic 1, no potion heal
1
a: Renounce Religion


You were on level 4 of the Dungeon.
You worshipped Xom.
You were a special plaything of Xom.
You were a tree.
You visited 1 branch of the dungeon, and saw 4 of its levels.

You collected 143 gold pieces.

Inventory:

Hand Weapons
 a - a +0 mace of chaos (weapon)
Missiles
 m - 6 stones (quivered)
Jewellery
 c - a +4 ring of evasion (left branch)
 f - an amulet of magic regeneration
Wands
 k - a wand of paralysis (2)
Scrolls
 d - a scroll of magic mapping {unknown}
 g - a scroll of identify {unknown}
 i - a scroll of torment {unknown}
 j - a scroll of poison {unknown}
 l - a scroll of amnesia {unknown}
Potions
 o - a potion of resistance {unknown}
Miscellaneous
 b - a piece from Xom's chessboard (15/15)
 h - a phial of floods


   Skills:
 + Level 4.1 Fighting
 + Level 4.0 Maces & Flails
 + Level 3.7 Dodging


You had 4 spell levels left.
You didn't know any spells.
Your spell library was empty.

Dungeon Overview and Level Annotations

Branches:
Dungeon (4/15)
 Temple: D:4-7

Altars:
Cheibriados

Annotations:
D:4 Eustachio


Innate Abilities, Weirdness & Mutations

You are a tree.
Your roots penetrate the ground, keeping you stationary.
You cannot be teleported.
You are immune to unholy pain and torment.
Your maximum health is greatly increased.
You cannot wear most types of armour.
((You are amphibious.))
You can wear up to eight rings at the same time.
((Your skin changes colour to match your surroundings (Stealth+).))
((Your rubbery body absorbs attacks. (AC +1, EV +1)))
((You are camouflaged when in or above water. (Stealth+)))
((You have tentacles for arms and can constrict up to eight enemies at once.))
((One of your tentacles bears a nasty spike.))
You possess an exceptional clarity of mind.
Your muscles are strong. (Str +4, Int/Dex -1)
Your spells are a little harder to cast, but a little more powerful.
Potions are less effective at restoring your health.


Message History

The giant cockroach completely misses you.
Unknown command.
You barely miss the goblin. The hound bites you but does no damage.
The goblin hits you but does no damage.
The endoplasm hits you but does no damage.
The giant cockroach bites you but does no damage. x2
The hound bites you but does no damage.
Unknown command.
You barely miss the goblin.
The giant cockroach bites you but does no damage. x2
The goblin hits you but does no damage.
The endoplasm hits you but does no damage.
The hound bites you but does no damage.
The giant cockroach bites you but does no damage. x2
Unknown command.
You hit the goblin.
The goblin suddenly seems more resistant.
The goblin is severely wounded.
The hound bites you.
* * * LOW HITPOINT WARNING * * *
The goblin hits you but does no damage.
The endoplasm hits you but does no damage.
The hound bites you but does no damage.
The giant cockroach bites you but does no damage. x2
The endoplasm freezes you.
You are frozen.
* * * LOW HITPOINT WARNING * * *
The goblin hits you but does no damage.
Unknown command.
You hit the goblin.
You kill the goblin!
The hound bites you but does no damage. The giant cockroach bites you.
* * * LOW HITPOINT WARNING * * *
The giant cockroach bites you but does no damage.
The hound bites you.
* * * LOW HITPOINT WARNING * * *
The endoplasm freezes you.
You are frozen.
You die...
Xom howls with laughter!

.... .# .....##
...... ....#
##.#.####
#.......# .
#.)))...#
....##.J♣†...##
.......BBh......
>.......c....#..
...##...........
.. .<....)......
<..#..........
#....#..!.......
.... #..........
B..# ..........


You could see a centaur, a hound, an endoplasm and 2 giant cockroaches.

Vanquished Creatures
  An orc priest (D:4)
  2 gnolls (D:3)
  4 adders
  2 worms
  2 orcs
  5 ball pythons
  An endoplasm (D:1)
  2 giant cockroaches (D:2)
  9 goblins
  7 hobgoblins
  2 jackals (D:1)
  4 kobolds
  A quokka (D:3)
  5 bats
  2 frilled lizards
  4 rats
53 creatures vanquished.

Notes
Turn   | Place    | Note
-------+----------+-------------------------------------------
     0 | D:1      | M4edhros the Octopode Chaos Knight began the quest for the
                  | Orb.
     0 | D:1      | Reached XP level 1. HP: 16/16 MP: 1/1
   208 | D:1      | Reached XP level 2. HP: 21/21 MP: 2/2
   592 | D:1      | XOM: silly message
   630 | D:1      | Reached XP level 3. HP: 23/26 MP: 3/3
   813 | D:1      | XOM: divination: detect creatures
   894 | D:2      | XOM: potion effect (brilliance)
   905 | D:3      | XOM: silly message
   958 | D:3      | XOM: stat loss: -1 Int (13/14)
   994 | D:4      | Noticed Eustachio
  1038 | D:2      | XOM: polymorph adder -> iguana
  1039 | D:2      | Reached XP level 4. HP: 16/32 MP: 4/4
  1112 | D:3      | XOM: god gift: phial of floods
  1324 | D:3      | XOM: god gift: scroll labelled CEPPED CASM {god gift}
  1898 | D:3      | XOM: god gift: 4 stones
  3370 | D:3      | XOM: god gift: 3 stones
  3593 | D:3      | XOM: 8-stop teleportation journey
  3819 | D:3      | XOM: 1-stop teleportation journey
  4174 | D:3      | XOM: cloud trail
  4371 | D:3      | XOM: give mutations
  4371 | D:3      | Gained mutation: Your muscles are strong. (Str +4, Int/Dex
                  | -1) [Xom's grace]
  4371 | D:3      | Gained mutation: One of your tentacles bears a spike.
                  | [Xom's grace]
  4371 | D:3      | Gained mutation: You possess an exceptional clarity of
                  | mind. [Xom's grace]
  4408 | D:3      | XOM: give mutations
  4408 | D:3      | Gained mutation: You are somewhat resistant to further
                  | mutation. [Xom's grace]
  4408 | D:3      | Gained mutation: One of your tentacles bears a nasty spike.
                  | [Xom's grace]
  4438 | D:3      | XOM: scenery: summon butterflies
  4719 | D:3      | XOM: give mutation
  4719 | D:3      | Gained mutation: Your spells are a little harder to cast,
                  | but a little more powerful. [Xom's grace]
  4790 | D:3      | XOM: divination: detect items
  5290 | D:3      | XOM: 2-stop teleportation journey
  5297 | D:3      | XOM: silly message
  5333 | D:3      | XOM: divination: magic mapping
  5533 | D:3      | XOM: silly message
  5728 | D:3      | XOM: divination: detect items
  5775 | D:3      | XOM is BORED!
  5775 | D:3      | XOM: silly message
  6277 | D:3      | XOM: divination: detect creatures
  7795 | D:3      | XOM: divination: detect creatures
  8142 | D:3      | XOM: silly message
  9653 | D:3      | XOM: silly message
  9716 | D:3      | XOM: 2-stop teleportation journey
  9750 | D:3      | Found a faded altar of an unknown god.
 10438 | D:3      | Found a snail-covered altar of Cheibriados.
 10438 | D:3      | XOM: 9-stop teleportation journey
 10479 | D:3      | XOM: god gift: white potion {god gift}
 11131 | D:3      | XOM is BORED!
 11131 | D:3      | XOM: noise
 11349 | D:3      | XOM: give mutation
 11349 | D:3      | Gained mutation: Potions are less effective at restoring
                  | your health. [Xom's mischief]
 11760 | D:3      | XOM is BORED!
 11760 | D:3      | XOM: give mutation
 11760 | D:3      | Lost mutation: You are somewhat resistant to further
                  | mutation. [Xom's mischief]
 11803 | D:3      | XOM: 1-stop teleportation journey
 11839 | D:3      | XOM: stat loss: -1 Dex (11/12)
 11868 | D:4      | Noticed a centaur
 11874 | D:4      | XOM: smoke on damage
 11890 | D:4      | Reached XP level 5. HP: 14/37 MP: 5/5
 11895 | D:4      | XOM: chaos upgrade
 11899 | D:4      | Frozen to death by an endoplasm

Illustrated notes

Levels and vault maps discovered:
D:1:      minmay_arrival_jagged, layout_rooms, minivault_19,
          grunt_decor_clamped, minmay_misc_feat_four_crosses, minmay_tromino_v7
D:2:      layout_rooms, serial_shops, shop
D:3:      layout_loops_corners, lemuel_crystal_altar,
          shapermc_ecumenical_altar_venn
D:4:      layout_rooms, palyth_temple_overflow_mages,
          mainiacjoe_overflow_catwalk, kennysheep_little_box, temple_statues,
          uniq_eustachio

Skill      XL: |  1  2  3  4 |
---------------+-------------+-----
Dodging        | 3 |  3.7
Fighting       | 4 |  4.1
Maces & Flails | 4 |  4.0

Action                   |  1- 3 |  4- 6 || total
-------------------------+-------+-------++-------
Melee: Mace              |    72 |    47 ||   119
       Constrict         |    19 |     6 ||    25
       Tentacles         |     7 |     4 ||    11
       Punch             |     1 |       ||     1
       Kick              |       |     6 ||     6
Throw: Stone             |       |     1 ||     1
Evoke: Wand              |     1 |     4 ||     5
  Use: Potion            |     1 |     8 ||     9
 Stab: Sleeping          |     4 |     2 ||     6
       Paralysed         |       |     3 ||     3
Armor: Skin              |     3 |   187 ||   190
Dodge: Dodged            |    67 |    56 ||   123

Table legend: (Time is in decaauts)
 A = Elapsed time spent in this place.
 B = Non-inter-level travel time spent in this place.
 C = Inter-level travel time spent in this place.
 D = Time resting spent in this place.
 E = Time spent auto-exploring this place.
 F = Levels seen in this place.
 G = Mean time per level.
                   A        B        C        D        E       F      G
               +--------+--------+--------+--------+--------+-----+--------+
         Total |  11928 |  11716 |    212 |  10450 |    765 |   4 | 2982.0 |
       Dungeon |  11928 |  11716 |    212 |  10450 |    765 |   4 | 2982.0 |
               +--------+--------+--------+--------+--------+-----+--------+

Top non-repeatable levels by time:
     D:3: 10944 daAuts
     D:1: 832 daAuts
     D:2: 84 daAuts
     D:4: 66 daAuts
